 Dungeon Crawl Stone Soup version 0.27.0-1-g7a089689b8 (webtiles) character file.

Game seed: 1735118049154912710

16 rjrrt the Firebug (level 2, -5/15 HPs)
             Began as a Deep Elf Fire Elementalist on Aug 10, 2021.
             Slain by an orc (9 damage)
             ... on level 2 of the Dungeon.
             The game lasted 00:02:18 (1028 turns).

rjrrt the Firebug (Deep Elf Fire Elementalist)      Turns: 1028, Time: 00:02:18

Health: -5/15      AC:  6    Str:  5    XL:     2   Next: 41%
Magic:  4/8        EV: 12    Int: 19    God:
Gold:   39         SH:  0    Dex: 15    Spells: 6/7 levels left

rFire    . . .     SeeInvis .   a - +0 trident
rCold    . . .     Faith    .   (no shield)
rNeg     . . .     Spirit   .   i - +0 robe
rPois    .         Reflect  .   (no helmet)
rElec    .         Harm     .   (no cloak)
rCorr    .         Rampage  .   (no gloves)
Will     .....                  (no boots)
Stlth    ++........             (no amulet)
HPRegen  0.05/turn              e - +4 ring of protection
MPRegen  0.11/turn              (no ring)

@: no status effects
A: no striking features
a: no special abilities


You were on level 2 of the Dungeon.
You visited 1 branch of the dungeon, and saw 2 of its levels.

You collected 39 gold pieces.

Inventory:

Hand Weapons
 a - a +0 trident (weapon)
Missiles
 g - 17 poisoned darts (quivered)
 j - 4 boomerangs
Armour
 b - a +0 leather armour of poison resistance
 i - a +0 robe (worn)
Jewellery
 e - a +4 ring of protection (left hand)
Scrolls
 c - a scroll of identify {unknown}
Potions
 d - 2 potions of resistance {unknown}
 f - 2 potions of flight {unknown}
 h - a potion of haste {unknown}


   Skills:
 - Level 2.4 Dodging
 - Level 2.4 Stealth
 + Level 3.3 Spellcasting
 * Level 1.9 Conjurations
 * Level 3.7 Fire Magic


You had 6 spell levels left.
You knew the following spells:

 Your Spells              Type           Power      Damage    Failure   Level
a - Foxfire               Conj/Fire      52%        2x1d6     4%          1

Your spell library contained the following spells:

 Spells                   Type           Power      Damage    Failure   Level
 Conjure Flame            Conj/Fire      13%        6-21      14%         3
 Inner Flame              Hex/Fire       10%        N/A       21%         3
 Sticky Flame             Conj/Fire      13%        2d4       43%         4
 Fireball                 Conj/Fire      6%         3d5       78%         5


Dungeon Overview and Level Annotations

Branches:
Dungeon (2/15)

Altars:
Elyvilon


Message History

a - a +0 trident (weapon)
An orc comes into view. It is wielding a +4 trident of venom.
Casting: Foxfire (safe; 4% risk of failure)
Confirm with . or Enter, or press ? or * to list all spells.
You conjure some foxfire!
The foxfire hits the orc.
The orc is heavily wounded.
The orc shouts!
You hear a shout!
Casting: Foxfire (safe; 4% risk of failure)
Confirm with . or Enter, or press ? or * to list all spells.
You conjure some foxfire!
The foxfire hits the orc.
The orc is severely wounded.
An orc priest comes into view. It is wielding a +0 flail.
An orc comes into view. It is wielding a +0 dagger.
Unknown command.
Casting: Foxfire (safe; 4% risk of failure)
Confirm with . or Enter, or press ? or * to list all spells.
You conjure some foxfire!
The foxfire hits the orc.
The orc is severely wounded.
The orc barely misses you.
Unknown command.
Casting: Foxfire (safe; 4% risk of failure)
Confirm with . or Enter, or press ? or * to list all spells.
You conjure some foxfire!
The orc barely misses you.
The foxfire hits the orc.
The orc is almost dead.
The orc barely misses you.
The orc priest mumbles some strange prayers to Beogh against you.
Beogh smites you!
Ouch! That really hurt!
* * * LOW HITPOINT WARNING * * *
Your foxfire dissipates!
Casting: Foxfire (safe; 4% risk of failure)
Confirm with . or Enter, or press ? or * to list all spells.
You conjure some foxfire!
The orc hits you from afar with a +4 trident of venom!
Ouch! That really hurt!
You die...

###########
.....ooovv#
#########@# #.#
#.# #.# ##.####
#.....# #.....#
#.....# .
.########.....#
.


You could see an orc priest and 2 orcs.

Vanquished Creatures
  2 giant cockroaches (D:1)
  2 goblins (D:1)
  A hobgoblin (D:1)
  2 kobolds
  2 ball pythons
  2 bats (D:2)
  3 frilled lizards (D:1)
  2 rats (D:1)
16 creatures vanquished.

Vanquished Creatures (others)
  38 foxfires
38 creatures vanquished.

Grand Total: 54 creatures vanquished

Notes
Turn   | Place    | Note
-------+----------+-------------------------------------------
     0 | D:1      | rjrrt the Deep Elf Fire Elementalist began the quest for
                  | the Orb.
     0 | D:1      | Reached XP level 1. HP: 10/10 MP: 6/6
   210 | D:1      | You fall into a shaft and drop 1 floor!
   347 | D:1      | Reached XP level 2. HP: 15/15 MP: 6/8
   783 | D:1      | Found a faded altar of an unknown god.
   801 | D:1      | Found a faded altar of an unknown god.
   954 | D:2      | Found a white marble altar of Elyvilon.
  1028 | D:2      | Slain by an orc

Illustrated notes

Levels and vault maps discovered:
D:1:      minmay_arrival_four_houses, layout_loops_ring,
          hellmonk_ecumenical_altar_the_god_not_taken, kennysheep_minor_cross
D:2:      layout_basic, basic_altar, hangedman_decor_points, minivault_25

Action                   || total
-------------------------++-------
Melee: Spear             ||     1
 Cast: Foxfire           ||    28
Armor: Robe              ||     3
Dodge: Dodged            ||     8
